 Dungeon Crawl Stone Soup version 0.16-a0-623-g20b2139 (webtiles) character file.

75 Foahim the Sneak (level 4, -2/33 HPs)
             Began as a Vampire Assassin on Sept 18, 2014.
             Killed from afar by Ijyb (5 damage)
             ... with a wand of frost
             ... on Level 3 of the Dungeon.
             The game lasted 00:09:54 (1597 turns).

Foahim the Sneak (Vampire Assassin)                 Turns: 1597, Time: 00:09:55

HP  -2/33        AC  3     Str 10      XL: 4   Next: 11%
MP   4/4         EV 12     Int 13      God:
Gold 114         SH  0     Dex 16      Spells:  0 memorised,  3 levels left

rFire  . . .     SeeInvis +     b - +0 blowgun
rCold  . . .     Clarity  +     c - +0 robe
rNeg   + . .     rCorr    .     (no shield)
rPois  .         rRot     .     (no helmet)
rElec  .         Spirit   .     d - +0 cloak
SustAb .         Warding  .     (no gloves)
rMut   .         Stasis   .     (no boots)
Gourm  .                        k - amulet of clarity
MR     .....                    (no ring)
                                (no ring)

@: not resistant to hostile enchantments, stealthy
A: fangs 3, see invisible, unbreathing
a: Bat Form


You were on level 3 of the Dungeon.
You were not thirsty.

You visited 1 branch of the dungeon, and saw 3 of its levels.

You collected 114 gold pieces.

Inventory:

Hand weapons
 a - a +2 dagger
 b - a +0 blowgun (weapon)
Missiles
 e - 18 poisoned needles (quivered)
 f - 2 curare-tipped needles
Armour
 c - a +0 robe (worn)
 d - a +0 cloak (worn)
Scrolls
 i - 2 scrolls of amnesia {unknown}
 j - a scroll of identify {unknown}
 l - 3 scrolls of teleportation {unknown}
 m - 2 scrolls of recharging {unknown}
 o - a scroll of random uselessness {unknown}
 q - a scroll of remove curse {unknown}
 s - a scroll of fog {unknown}
Jewellery
 k - an amulet of clarity (around neck)
 r - an uncursed ring of protection from cold {unknown}
Potions
 g - a potion of blood
 h - 2 potions of cancellation {unknown}
 n - a potion of heal wounds {unknown}
 p - a potion of agility {unknown}
 t - a potion of berserk rage {unknown}


   Skills:
 + Level 2.0 Fighting
 + Level 2.1 Short Blades
 + Level 2.1 Throwing
 + Level 1.2 Dodging
 + Level 7.9 Stealth


You had 3 spell levels left.
You didn't know any spells.

Dungeon Overview and Level Annotations

Branches:
Dungeon (3/15)

Altars:
Cheibriados
Elyvilon
Fedhas
Gozag
Makhleb
Qazlal
Vehumet

Annotations:
D:3 Ijyb


Innate Abilities, Weirdness & Mutations

You have razor-sharp teeth.
You have supernaturally acute eyesight.
You can survive without breathing.


Message History

You kill the bat!
You now have 114 gold pieces (gained 11).
t - a cyan potion HP restored.
Found a stormy altar of Qazlal.
Ijyb the Twisted Goblin comes into view.
He is wielding a club.
Ijyb zaps a wand.
The puff of frost hits you!
b - a +0 blowgun (weapon)
Ijyb zaps a wand.
The puff of frost misses you.
There are no items here.
Firing (i - inventory. (,) - cycle):
e - 19 poisoned needles (quivered)
Press: ? - help, Shift-Dir - straight line, f - Ijyb
Aim: Ijyb, wielding a club, wearing a leather armour and carrying a wand of frost {zapped: 2} You shoot a poisoned needle.
The poisoned needle hits Ijyb!
Ijyb is poisoned.
Ijyb zaps a wand.
The puff of frost hits you!
Ijyb zaps a wand.
The puff of frost hits you!
* * * LOW HITPOINT WARNING * * *
Ijyb screams, "You nasty!
Big nasty!"
Ijyb zaps a wand.
The puff of frost hits you!
You die...

#.........# #.#
.#######.###.#
##.#...#
#....### .
#..### ##. #..#
ยง... ##..#
.....## #...#
..._....###@#.#
#.......#
#g####### #. g.
###


You could see Ijyb.

Vanquished Creatures
  2 adders (D:2)
  A worm (D:2)
  7 bats
  2 giant cockroaches
  8 goblins
  7 hobgoblins
  5 jackals
  5 kobolds
  5 giant newts
  10 rats
52 creatures vanquished.

Notes
Turn   | Place    | Note
--------------------------------------------------------------
     0 | D:1      | Foahim, the Vampire Assassin, began the quest for the Orb.
     0 | D:1      | Reached XP level 1. HP: 16/16 MP: 1/1
    23 | D:1      | Reached skill level 6 in Stealth
   191 | D:1      | Reached XP level 2. HP: 15/22 MP: 2/2
   649 | D:1      | Reached skill level 7 in Stealth
   848 | D:2      | Reached XP level 3. HP: 27/27 MP: 3/3
   899 | D:2      | Found a radiant altar of Vehumet.
   900 | D:2      | Found a white marble altar of Elyvilon.
   920 | D:2      | Found a blossoming altar of Fedhas.
   920 | D:2      | Found an opulent altar of Gozag.
   922 | D:2      | Found a snail-covered altar of Cheibriados.
  1349 | D:2      | Found a burning altar of Makhleb.
  1479 | D:2      | Reached XP level 4. HP: 33/33 MP: 4/4
  1589 | D:3      | Found a stormy altar of Qazlal.
  1591 | D:3      | Noticed Ijyb
  1597 | D:3      | Killed from afar by Ijyb

Action                   |  1- 3 |  4- 6 || total
-------------------------+-------+-------++-------
Melee: Dagger            |    28 |     2 ||    30
 Fire: Blowgun           |    41 |     1 ||    42
 Stab: Sleeping          |    30 |       ||    30
  Eat: Corpse            |     6 |       ||     6
